 Dungeon Crawl Stone Soup version 0.19.0-2-gae57169 (webtiles) character file.

401 shitimlost the Twirler (level 6, -1/37 HPs)
             Began as a Gargoyle Gladiator on Nov 5, 2016.
             Was an Initiate of Okawaru.
             Slain by an ogre
             ... wielding a +0 giant club
              (25 damage)
             ... on level 4 of the Dungeon.
             The game lasted 00:09:44 (3198 turns).

shitimlost the Twirler (Gargoyle Gladiator)         Turns: 3198, Time: 00:09:45

Health: -1/37      AC:  8    Str: 19    XL:     6   Next: 85%
Magic:  6/6        EV: 13    Int: 13    God:    Okawaru [......]
Gold:   199        SH:  0    Dex: 11    Spells: 0 memorised, 5 levels left

rFire  . . .     SeeInvis .     a - +1 quarterstaff
rCold  . . .     Gourm    .     b - +0 leather armour
rNeg   + . .     Faith    .     (shield currently unavailable)
rPois  ∞         Spirit   .     c - +0 helmet
rElec  +         Reflect  .     (no cloak)
rCorr  .         Harm     .     (no gloves)
MR     .....                    (no boots)
Stlth  +.........               (no amulet)
                                (no ring)
                                D - +4 ring of intelligence

@: no status effects
A: negative energy resistance 1, electricity resistance, unbreathing,
petrification resistance, rot immunity, AC +4
a: Renounce Religion


You were on level 4 of the Dungeon.
You worshipped Okawaru.
Okawaru was noncommittal.
You were not hungry.

You visited 2 branches of the dungeon, and saw 5 of its levels.

You collected 199 gold pieces.

Inventory:

Hand Weapons
 a - a +1 quarterstaff (weapon)
 v - a +3 dagger of draining
 x - a +0 morningstar
Missiles
 d - 3 throwing nets (quivered)
 h - 79 sling bullets
Armour
 b - a +0 leather armour (worn)
 c - a +0 helmet (worn)
 y - a +1 ring mail of poison resistance
 A - a +0 chain mail
Jewellery
 D - a +4 ring of intelligence (left hand)
Wands
 l - a wand of iceblast (9/15)
 C - a wand of slowing (24/48)
Scrolls
 g - a scroll of fear
 u - a scroll of remove curse
Potions
 e - 7 potions of curing
 i - a potion of invisibility
 m - a potion of magic
 n - a potion of heal wounds
 r - a potion of agility
 s - a potion of brilliance {unknown}
 w - a potion of lignification
 B - a potion of mutation {unknown}
Comestibles
 f - 2 bread rations
 j - 2 slices of pizza
 o - 5 chunks of flesh
 z - a meat ration


   Skills:
 + Level 3.2 Fighting
 + Level 5.5 Staves
 + Level 2.1 Throwing
 + Level 2.4 Armour
 + Level 3.4 Dodging
 + Level 0.8 Stealth
 + Level 0.1 Evocations


You had 5 spell levels left.
You didn't know any spells.

Dungeon Overview and Level Annotations

Branches:
Dungeon (4/15)             Temple (1/1) D:4

Altars:
Ashenzari
Dithmenos
Fedhas
Okawaru
Qazlal
Ru
Vehumet
Yredelemnul
Zin
The Shining One


Innate Abilities, Weirdness & Mutations

You are resistant to torment.
Your stone body is resilient. (AC +4)
You are immune to poison.
You resist negative energy. (rN+)
You are resistant to electric shocks. (rElec)
You can survive without breathing.
You are immune to petrification.
You are immune to rotting.


Message History

a hand axe; a flail You hit the ogre.
The ogre is lightly wounded.
The ogre misses you.
You barely miss the ogre.
The ogre is lightly wounded.
The ogre barely misses you.
You barely miss the ogre.
The ogre is lightly wounded.
You hit the ogre.
The ogre is lightly wounded.
The ogre closely misses you.
You barely miss the ogre.
The ogre is lightly wounded.
The ogre completely misses you.
You hit the ogre.
The ogre is moderately wounded.
The ogre hits you with a giant club!!
Ouch! That really hurt!
You die...

.## #..###.....
..###... .......
....... ..(.....
≈≈≈≈≈.≈##
##.......####.....
o......# #........
##.... o≈≈≈...#
##........ #.....
≈≈≈≈≈♣.####....#
.......
≈≈≈≈≈≈P♣.......###
..#..#.
≈≈≈≈≈≈≈.......@.## .
#....
≈≈≈≈≈♣#.......O..#
.....
≈≈P≈P.........)#...#
...###
≈≈P≈...†..##...##....#
♣≈P##.....###..#
#...... ♣ #.....#
##.## ...... #.##..##
#..##....=o #.# ##..#
##..#...... #..
##.###§§.......o


You could see an ogre.

Vanquished Creatures
  A phantom (D:4)
  A hound (D:4)
  An orc wizard (D:3)
  An orc priest (D:4)
  Ijyb (D:2)
  8 adders
  An ooze (D:3)
  An adder skeleton (D:3)
  2 worms (D:2)
  2 dart slugs
  4 leopard geckos
  9 orcs
  2 giant cockroaches
  11 goblins
  10 hobgoblins
  5 jackals
  15 kobolds
  4 quokkas
  A ball python (D:1)
  9 bats
  6 frilled lizards
  8 rats
103 creatures vanquished.

Notes
Turn   | Place    | Note
-------+----------+-------------------------------------------
     0 | D:1      | shitimlost the Gargoyle Gladiator began the quest for the Orb.
     0 | D:1      | Reached XP level 1. HP: 12/12 MP: 1/1
   206 | D:1      | Reached XP level 2. HP: 16/17 MP: 2/2
   594 | D:1      | Reached XP level 3. HP: 21/21 MP: 3/3
   948 | D:2      | Reached skill level 1 in Armour
  1399 | D:2      | Found a blossoming altar of Fedhas.
  1407 | D:2      | Reached XP level 4. HP: 25/27 MP: 4/4
  1510 | D:2      | Noticed Ijyb
  1521 | D:2      | Killed Ijyb
  1521 | D:2      | Reached skill level 4 in Staves
  1820 | D:3      | Reached XP level 5. HP: 15/32 MP: 5/5
  2124 | D:3      | Found a basalt altar of Yredelemnul.
  2393 | D:3      | Found a radiant altar of Vehumet.
  2640 | D:3      | Found a sacrificial altar of Ru.
  2769 | D:4      | Reached XP level 6. HP: 35/36 MP: 6/6
  2797 | D:4      | Found a stormy altar of Qazlal.
  2852 | D:4      | Found a staircase to the Ecumenical Temple.
  2857 | Temple   | Entered the Ecumenical Temple
  2879 | Temple   | Became a worshipper of Warmaster Okawaru
  3032 | D:4      | Noticed a phantom
  3054 | D:4      | Found a shattered altar of Ashenzari.
  3076 | D:4      | Killed a phantom
  3076 | D:4      | Reached skill level 5 in Staves
  3198 | D:4      | Slain by an ogre

Skill      XL: |  1  2  3  4  5  6 |
---------------+-------------------+-----
Throwing       | 2 |  2.1
Armour         | 1 2 |  2.4
Staves         | 4 5 |  5.5
Dodging        | 3 |  3.4
Fighting       | 3 |  3.2
Stealth        | |  0.8
Evocations     | |  0.1

Action                   |  1- 3 |  4- 6 || total
-------------------------+-------+-------++-------
Melee: Quarterstaff      |   136 |   236 ||   372
Evoke: Wand              |       |     3 ||     3
  Use: Scroll            |     4 |    10 ||    14
 Stab: Sleeping          |       |     1 ||     1
  Eat: Chunk             |       |     5 ||     5
       Beef jerky        |       |     1 ||     1
       Fruit             |       |     3 ||     3
Armor: Leather armour    |    56 |    87 ||   143
Dodge: Dodged            |   112 |   150 ||   262
